 Dungeon Crawl Stone Soup version 0.23-a0-358-g98c7a59 (webtiles) character file.

102 riellis the Shield-Bearer (level 5, -2/42 HPs)
             Began as a Formicid Fighter on Oct 22, 2018.
             Blown up by Ijyb (12 damage)
             ... with a wand of disintegration (9)
             ... on level 3 of the Dungeon.
             The game lasted 00:04:10 (2728 turns).

riellis the Shield-Bearer (Formicid Fighter)        Turns: 2728, Time: 00:04:10

Health: -2/42      AC:  9    Str: 22    XL:     5   Next: 5%
Magic:  5/5        EV:  6    Int:  7    God:
Gold:   99         SH:  9    Dex: 10    Spells: 4/4 levels left

rFire    . . .     SeeInvis +   a - +0 war axe
rCold    . . .     Gourm    .   c - +0 shield
rNeg     . . .     Faith    .   u - +0 chain mail
rPois    .         Spirit   .   (helmet unavailable)
rElec    .         Reflect  .   (no cloak)
rCorr    .         Harm     .   (no gloves)
MR       .....                  (no boots)
Stlth    ..........             (no amulet)
HPRegen  0.14/turn              (no ring)
MPRegen  0.09/turn              (no ring)

@: no status effects
A: permanent stasis, dig shafts and tunnels, four strong arms, antennae 3
a: Dig, Shaft Self


You were on level 3 of the Dungeon.
You were not hungry.

You visited 1 branch of the dungeon, and saw 3 of its levels.

You collected 99 gold pieces.

Inventory:

Hand Weapons
 a - a +0 war axe (weapon)
Missiles
 e - 85 stones (quivered)
 g - 57 poisoned needles
 l - 32 sling bullets
 m - 41 bolts
 p - 5 javelins
 q - 24 arrows
Armour
 b - a +0 scale mail
 c - a +0 shield (worn)
 u - a +0 chain mail (worn)
Scrolls
 n - 2 scrolls of immolation {unknown}
 s - a scroll of random uselessness {unknown}
 t - a scroll of teleportation {unknown}
 w - a scroll of enchant weapon {unknown}
 x - a scroll of remove curse {unknown}
Potions
 d - a potion of might
 h - 2 potions of magic
 i - a potion of mutation
 j - 2 potions of curing
 o - a potion of brilliance
 r - a potion of heal wounds {unknown}
 v - a potion of flight {unknown}
Comestibles
 f - 7 rations
 z - 3 chunks of flesh


   Skills:
 + Level 3.9 Fighting
 * Level 3.3 Axes
 + Level 3.9 Armour
 + Level 4.3 Shields


You had 4 spell levels left.
You didn't know any spells.
Your spell library was empty.

Dungeon Overview and Level Annotations

Branches:
Dungeon (3/15)

Altars:

Annotations:
D:3 Ijyb


Innate Abilities, Weirdness & Mutations

You cannot be hasted, slowed, berserked, paralysed or teleported.
You can dig through walls and to a lower floor.
Your four strong arms can wield two-handed weapons with a shield.
You have a pair of large antennae on your head. (SInv)


Message History

Ijyb zaps a wand.
You struggle to resist.
Ijyb screams, "Me very upset!"
You block Ijyb's attack.
Your shield and chain mail prevent you from hitting Ijyb.
Ijyb is heavily wounded.
Ijyb hits you but does no damage.
You completely miss Ijyb.
Ijyb is heavily wounded.
You block Ijyb's attack.
You slash Ijyb!
Ijyb is almost dead.
You block Ijyb's attack. Ijyb barely misses you.
You closely miss Ijyb.
Ijyb is almost dead.
Ijyb zaps a wand.
You are blasted!
* * * LOW HITPOINT WARNING * * *
You hit Ijyb but do no damage.
Ijyb is almost dead.
Ijyb zaps a wand.
You are blasted!
You die...

g.....# # ......# #.#.....
#.#..?.. #[#.... #####..>...
###### ........#.# .....#
####.#.# # ####.# #@#..#.###.#
### ####.#### ##g#..†)...# #..
#...)...# #####.##### #.#
..##.##.# ##########..# #.#
####.##.###.......##.## ##.#
..................#.^.# #..#
####.##.#...#####.#...# #.##
####.........###..#...# #.#
...#..#.#.....#.......########.#


You could see Ijyb.

Vanquished Creatures
  2 adders
  2 oozes
  A dart slug (D:3)
  3 worms
  2 leopard geckos (D:1)
  4 orcs (D:3)
  A ball python (D:3)
  9 bats
  4 giant cockroaches
  6 goblins
  3 hobgoblins
  4 jackals (D:2)
  A quokka (D:2)
  3 frilled lizards (D:1)
  9 kobolds
  4 rats
58 creatures vanquished.

Notes
Turn   | Place    | Note
-------+----------+-------------------------------------------
     0 | D:1      | riellis the Formicid Fighter began the quest for the Orb.
     0 | D:1      | Reached XP level 1. HP: 18/18 MP: 1/1
   248 | D:1      | Reached XP level 2. HP: 20/24 MP: 2/2
   626 | D:1      | Reached XP level 3. HP: 28/29 MP: 3/3
   660 | D:1      | Reached skill level 4 in Shields
  1270 | D:2      | Reached XP level 4. HP: 34/37 MP: 4/4
  2688 | D:3      | Reached XP level 5. HP: 42/42 MP: 5/5
  2702 | D:3      | Noticed Ijyb
  2728 | D:3      | Blown up by Ijyb

Vault maps used:
D:1:      evilmike_arrival_run_for_it
D:2:      roderic_lattice_a, chequers_serial_rivers_micro_a,
          nicolae_underground_beach
D:3:      mrwooster_statue_mirror, uniq_ijyb

Skill      XL: |  1  2  3  4 |
---------------+-------------+-----
Shields        | 4 |  4.3
Axes           | 3 |  3.3
Fighting       | |  3.9
Armour         | |  3.9

Action                   |  1- 3 |  4- 6 || total
-------------------------+-------+-------++-------
Melee: War axe           |   107 |    85 ||   192
 Abil: Dig               |       |     1 ||     1
  Use: Scroll            |       |     4 ||     4
  Eat: Chunk             |     1 |     5 ||     6
Armor: Scale mail        |    62 |    14 ||    76
       Chain mail        |       |    21 ||    21
Dodge: Dodged            |    47 |    20 ||    67
Block: Shield            |    78 |    34 ||   112

Table legend:
 A = Non-vault XP
 B = Vault XP
 C = Vault XP percentage of total XP
 D = Non-vault monster count
 E = Vault monster count
 F = Vault count percentage of total count
                 A         B        C        D         E       F
            +---------+---------+-------+---------+---------+-------
      Total |     142 |       4 |   2.7 |      57 |       1 |   1.7
            +---------+---------+-------+---------+---------+-------
        D:1 |      41 |       4 |   8.9 |      22 |       1 |   4.3
        D:2 |      50 |       0 |   0.0 |      20 |       0 |   0.0
        D:3 |      51 |       0 |   0.0 |      15 |       0 |   0.0
            +---------+---------+-------+---------+---------+-------
